 Dungeon Crawl Stone Soup version 0.30-b1-2-g02819fbbbe (webtiles) character file.

Game seed: 12954990750074583974

161308 Shirokaze the Peltast (level 17, -2/164 HPs)
             Began as an Armataur Fighter on May 24, 2023.
             Was an Elder of Ashenzari.
             Slain by a jorogumo (9 damage)
             ... on level 3 of the Spider Nest on May 25, 2023.
             The game lasted 03:55:48 (30030 turns).

Shirokaze the Peltast (Armataur Fighter)           Turns: 30030, Time: 03:55:48

Health: -2/164     AC: 31    Str: 32      XL:     17   Next: 19%
Magic:  6/17       EV:  3    Int: 11      God:    Ashenzari [****..]
Gold:   936        SH:  0    Dex: 11 (12) Spells: 16/16 levels left

rFire   + . .        q - +1 broad axe
rCold   . . .        y - +8 tower shield "Cursed Stickiness" {+Blink, Cun, Alch} (curse)
rNeg    + + +        L - +2 plate armour {rPois}
rPois   +            h - +2 hat of the Sidereal Seer {Int+3, Self, Fort} (curse)
rElec   +            V - scarf "Thunder Perfect Mind" {rC+ rF+, Alch, Self} (curse)
rCorr   +            c - +0 pair of gloves of Ashenzari's Fetters {rElec rPois rC- rN+++ Str+4, Comp, Fort} (curse)
SInv    +            J - +2 barding of Ashenzari's Regret {Fort, Melee} (curse)
Will    ++...        m - amulet "Circumscribed With Me" {Acrobat, Comp, Range} (curse) Stlth
                     D - +4 ring of protection
HPRegen 0.47/turn    B - ring of Ashenzari's Omen {rCorr, Alch, Elem} (curse)
MPRegen 0.15/turn

%: acrobat, clarity, roll
@: corroded, held, studying Hexes
A: large, rugged brown scales 3, deformed body, armoured tail, roll, long
tongue, awkward tongue, strong-willed 1
a: Renounce Religion, Evoke Blink, Curse Item, Shatter the Chains


You were on level 3 of the Spider Nest.
You worshipped Ashenzari.
Ashenzari was greatly pleased with you.
You visited 5 branches of the dungeon, and saw 26 of its levels.
You visited the Abyss 1 time.
You also visited: Sewer and Ice Cave.

You collected 3548 gold pieces.
You spent 2612 gold pieces at shops.

Inventory:

Hand Weapons
 q - a +1 broad axe (weapon)
Armour
 c - the cursed +0 pair of gloves of Ashenzari's Fetters (worn) {rElec rPois rC- rN+++ Str+4, Comp, Fort}
   (You bought it in a shop on level 1 of the Dungeon)

   Str:       It affects your strength (+4).
   rC:        It makes you vulnerable to cold.
   rElec:     It insulates you from electricity.
   rPois:     It protects you from poison.
   rN:        It renders you almost immune to negative energy.
   It has a curse which improves the following skills: Companions: Summonings
   and Necromancy.
   Fortitude: Armour and Shields.
 d - a +0 pair of gloves
 h - the cursed +2 hat of the Sidereal Seer (worn) {Int+3, Self, Fort}
   (You took it off Gastronok on level 3 of the Lair of Beasts)

   It has a curse which improves the following skills: Introspection: Fighting
   and Spellcasting.
   Fortitude: Armour and Shields.
 y - the cursed +8 tower shield "Cursed Stickiness" (worn) {+Blink, Cun, Alch}
   (You acquired it on level 5 of the Lair of Beasts)

   +Blink:    It lets you blink.
   It has a curse which improves the following skills: Cunning: Dodging and
   Stealth.
   Alchemy:   Poison Magic and Transmutations.
 J - the cursed +2 barding of Ashenzari's Regret (worn) {Fort, Melee}
   (You bought it in a shop on level 1 of the Dungeon)

   It has a curse which improves the following skills: Fortitude: Armour and
   Shields.
   Melee Combat: Short Blades, Long Blades, Axes, Maces & Flails, Polearms,
   Staves and Unarmed Combat.
 L - a +2 plate armour of poison resistance (worn)
 T - a +2 plate armour of cold resistance
 V - the cursed scarf "Thunder Perfect Mind" (worn) {rC+ rF+, Alch, Self}
   (You found it on level 13 of the Dungeon)

   It has a curse which improves the following skills: Alchemy: Poison Magic and
   Transmutations.
   Introspection: Fighting and Spellcasting.
Jewellery
 i - a +4 ring of slaying
 m - the cursed amulet "Circumscribed With Me" (around neck) {Acrobat, Comp, Range}
   (You found it on level 3 of the Dungeon)

   [amulet of the acrobat]

   It increases your evasion while moving and waiting.
   It has a curse which improves the following skills: Companions: Summonings
   and Necromancy.
   Ranged Combat: Ranged Weapons and Throwing.
 o - a ring of flight
 v - a ring of protection from fire
 B - the cursed ring of Ashenzari's Omen (right hand) {rCorr, Alch, Elem}
   (You found it on level 7 of the Dungeon)

   [ring of resist corrosion]

   rCorr:     It protects you from acid and corrosion.
   It has a curse which improves the following skills: Alchemy: Poison Magic and
   Transmutations.
   Elements:  Fire Magic, Ice Magic, Air Magic and Earth Magic.
 C - a +6 ring of intelligence
 D - a +4 ring of protection (left hand)
 E - a ring of poison resistance
 K - a ring of protection from fire
 N - a +6 ring of intelligence
 O - an amulet of regeneration
 S - a ring of positive energy
Wands
 j - a wand of iceblast (5)
 x - a wand of mindburst (6)
 F - a wand of acid (10)
 H - a wand of flame (24)
Scrolls
 b - 4 scrolls of fog
 e - a scroll of silence
 f - 3 scrolls of teleportation
 n - 9 scrolls of amnesia
 r - 3 scrolls of magic mapping
 w - a scroll of blinking
 Q - a scroll of fear
 R - 2 scrolls of butterflies
 W - a scroll of enchant armour
Potions
 g - a potion of berserk rage
 k - 6 potions of flight
 l - 4 potions of brilliance
 p - 5 potions of lignification
 s - a potion of curing
 t - 3 potions of might
 u - a potion of resistance
 z - 6 potions of magic
 A - 2 potions of haste
 G - 6 potions of ambrosia
 M - 2 potions of cancellation
 P - a potion of mutation
Miscellaneous
 a - a lightning rod (4/4)
 I - a box of beasts
 U - a condenser vane


   Skills:
 + Level 11.9(14.6) Fighting
 + Level 17.2(18.9) Axes
 + Level 14.1(17.6) Armour
 + Level 3.5(5.2) Dodging
 + Level 5.9(7.8) Stealth
 + Level 17.6(21.0) Shields
 + Level 4.2 Evocations


You had 16 spell levels left.
You didn't know any spells.
Your spell library contained the following spells:

 Spells                   Type           Power      Damage    Failure   Level
 Beastly Appendage        Tmut           2%         N/A       87%         1
 Necrotise                Necr           0%         1d4       88%         1
 Summon Small Mammal      Summ           0%         N/A       88%         1
 Apportation              Tloc           0%         N/A       91%         1
 Cigotuvi's Dreadful Rot  Necr/Pois/Air  0%         N/A       95%         2
 Wereblood                Tmut           1%         N/A       95%         2
 Blink                    Tloc           0%         N/A       97%         2
 Lesser Beckoning         Tloc           0%         N/A       97%         2
 Momentum Strike          Conj/Tloc      0%         3d8       97%         2
 Call Canine Familiar     Summ           0%         N/A       99%         3
 Hailstorm                Conj/Ice       0%         3d3       99%         3
 Ignite Poison            Fire/Tmut/Pois 1%         N/A       99%         3
 Portal Projectile        Hex/Tloc       0%         N/A       99%         3
 Spider Form              Tmut/Pois      1%         N/A       99%         3
 Summon Guardian Golem    Hex/Summ       0%         N/A       99%         3
 Tukima's Dance           Hex            0%         N/A       99%         3
 Ice Form                 Ice/Tmut       0%         N/A       100%        4
 Leda's Liquefaction      Hex/Erth       0%         N/A       100%        4
 Manifold Assault         Tloc           0%         N/A       100%        4
 Olgreb's Toxic Radiance  Pois           1%         N/A       100%        4
 Passage of Golubria      Tloc           0%         N/A       100%        4
 Freezing Cloud           Conj/Ice/Air   0%         6-21      100%        5
 Yara's Violent Unravell  Hex/Tmut       0%         3d3       100%        5
 Simulacrum               Ice/Necr       0%         N/A       100%        6
 Storm Form               Tmut/Air       0%         N/A       100%        7
 Discord                  Hex            0%         N/A       100%        8
 Ignition                 Fire           0%         3d3       100%        8


Dungeon Overview and Level Annotations

Branches:
Dungeon (15/15)            Temple (1/1) D:5            Lair (5/5) D:11
 Shoals (0/4) Lair:3       Spider (3/4) Lair:2        Slime (0/5) Lair:5
    Orc (2/2) D:11            Elf (0/3) Orc:2        Vaults (0/5) D:13
 Depths (0/4) D:15          Sewer (visited)           IceCv (visited)

Altars:
Ashenzari
Cheibriados
Dithmenos
Elyvilon
Fedhas
Gozag
Hepliaklqana
Kikubaaqudgha
Makhleb
Nemelex Xobeh
Okawaru
Qazlal
Ru
Sif Muna
Trog
Uskayaw
Vehumet
Wu Jian
Xom
Yredelemnul
Zin
The Shining One
Jiyva

Shops:
D:1 [   D:3 ?   D:5 [   Orc:2 ??[*

Portals:
Abyss: Orc:2


Innate Abilities, Weirdness & Mutations

You are completely covered in rugged brown scales. (AC +3, +7% HP)
Armour fits poorly on your strangely shaped body.
You have a long armoured tail.
You roll when moving toward enemies. (Rampage)
Your long tongue fully drains potion bottles. (2x potion effects)
Your tongue gives you trouble enunciating. (1.5x scroll delay)
You are strong-willed. (Will+)


Message History

The jumping spider bites you but does no damage.
You block the redback's attack.
The jumping spider leaps!
The jumping spider completely misses you.
You block the jumping spider's attack. The jorogumo casts a spell at you.
You block the stream of webbing. The ghost moth stares at you.
You feel your power leaking away. The jorogumo casts a spell at you.
The stream of webbing hits you but does no damage.
You are caught in a web!
A jumping spider comes into view.
The redback bites you but does no damage.
The entropy weaver hits you but does no damage.
The entropy weaver hits you!
* * * LOW HITPOINT WARNING * * *
The entropy weaver barely misses you. The entropy weaver hits you.
* * * LOW HITPOINT WARNING * * *
The jumping spider pounces on you but does no damage.
The jumping spider completely misses you.
The redback bites you!
* * * LOW HITPOINT WARNING * * *
You feel better.
You slurp down every last drop of the potion of curing!
The jumping spider pounces on you but does no damage.
The jumping spider bites you but does no damage.
The redback bites you!
* * * LOW HITPOINT WARNING * * *
The ghost moth stares at you.
You feel your power leaking away. The ghost moth completely misses you.
The ghost moth hits you but does no damage.
The ghost moth stings you.
* * * LOW HITPOINT WARNING * * *
You feel clumsy. The jumping spider pounces on you!
* * * LOW HITPOINT WARNING * * *
The jumping spider bites you but does no damage.
The jorogumo hits you!
You die...

* * ** , ,* * *,,, , ,
, , *,, ..., #...., ,
, **^ ** .^.##
#..#..*,, , , .
##....#.#...#.^ > ,
^$#...#.....#...#,,, ,
***?.^s$#.^........#,,
* *, , ,
#....#...#.#..#.., ,,,
,^ ##..ssB......#..#.#
* ,,
,^#...H@s#.{.#...... ,
,, ##..Hsy.#...#..#.##
# ^ *
#...#.#...$....#.....#
**
#..#........#...##....
#.^#$...#.#.......#.#.
#../.#.#Z..#......#...
#####..........##...#.
#.#.#[.#†.....#...
#..>....#.†.......#


You could see 2 jorogumos, a ghost moth (invisible), an entropy weaver, 3
jumping spiders and 2 redbacks.

Vanquished Creatures
  Rupert (D:15)
  Gastronok (Lair:3)
  A tentacled starspawn (Abyss:2)
  A frost giant (D:15)
  2 ghost moths (Spider:1)
  An emperor scorpion (Spider:1)
  A broodmother (Spider:2)
  An orc warlord (Orc:2)
  Louise (D:15)
  A quicksilver ooze (Lair:3)
  A very ugly thing (Abyss:2)
  A cacodemon (Abyss:2)
  A vampire knight (Abyss:2)
  Nessos (D:15)
  Azrael (D:15)
  A spark wasp (Spider:2)
  A dire elephant (Lair:5)
  The ghost of jombi the Brawler, a journeyman DrTm of Wu Jian (Orc:2)
  A fire dragon (Lair:3)
  2 entropy weavers
  8 vault guards (D:13)
  4 centaur warriors
  2 rakshasas (Orc:2)
  6 hydras
  A jorogumo (Spider:1)
  An ogre mage (D:15)
  A catoblepas (Lair:5)
  The ghost of MrCrawl the Merchant of Misery, a journeyman DsNe of Kikubaaqudgha (Orc:1)
  10 two-headed ogres
  3 tengu warriors (D:15)
  8 boulder beetles
  A deep troll shaman (Lair:5)
  12 death yaks
  A vampire mage (Abyss:2)
  3 orc high priests (Orc:2)
  A skyshark (Lair:3)
  Sonja (D:13)
  19 skeletal warriors
  Amaemon (Lair:1)
  4 pharaoh ants
  Lodul (D:11)
  A sixfirhy (Abyss:3)
  2 wretched stars (Abyss:2)
  A sun moth (Spider:2)
  A glowing orange brain (Orc:2)
  10 orb spiders
  A lindwurm (Lair:4)
  A wizard (D:15)
  7 orc knights
  3 deep elf pyromancers
  9 wolf spiders
  A steelbarb worm (Spider:2)
  3 oklob plants (Lair:2)
  19 ugly things
  3 worldbinders
  5 orc sorcerers
  4 manticores
  2 cyclopes
  5 elephants (Lair:5)
  An apocalypse crab (Abyss:2)
  An ice statue (IceCv)
  Joseph (D:7)
  2 torpor snails
  2 demonic crawlers
  A water nymph (Lair:3)
  4 black mambas
  3 cane toads
  An orange demon (Lair:1)
  A rime drake (Lair:3)
  4 komodo dragons
  Psyche (D:11)
  2 kobold demonologists
  An ancient zyme (Abyss:3)
  2 ice devils (D:13)
  A hellwing (Orc:2)
  4 trolls
  16 tarantellas
  A hornet (D:10)
  13 polar bears
  9 dream sheep
  10 blink frogs
  2 raiju (Abyss:2)
  9 culicivoras
  22 jumping spiders
  A spriggan (shapeshifter) (D:15)
  12 slime creatures (D:14)
  6 fire elementals
  A wyvern (Lair:3)
  2 ynoxinuls (Abyss:2)
  A fire bat (shapeshifter) (D:13)
  A wraith (D:11)
  5 fire bats (Abyss:2)
  62 yaks
  3 vampires
  Grum (D:11)
  A golden eye (shapeshifter) (D:13)
  39 redbacks
  4 basilisks
  6 vampire mosquitoes
  Menkaure (D:7)
  5 wargs
  4 water moccasins
  3 acid dragons
  3 large abominations
  2 hell hounds (D:15)
  A floating eye (Lair:2)
  3 small abominations (Abyss:2)
  2 sky beasts
  30 orc warriors
  7 black bears
  9 centaurs
  13 ogres
  39 wolves
  2 phantoms
  5 kobold brigands
  13 bullfrogs
  2 gnoll sergeants
  An earth elemental (Abyss:3)
  2 scorpions (D:5)
  13 killer bees
  7 electric eels
  5 howler monkeys
  4 crimson imps (Abyss:2)
  4 jellies
  23 orc priests
  Crazy Yiuf (D:7)
  An iron imp (Abyss:2)
  A sleepcap (D:6)
  4 iguanas
  32 orc wizards
  11 gnolls
  12 adders
  9 river rats
  4 shadow imps
  4 white imps
  3 ufetubi
  3 worms
  4 dart slugs
  90 orcs
  8 spectral bats (Abyss:2)
  11 ball pythons
  13 bats
  6 bat simulacra (Abyss:2)
  8 endoplasms
  11 giant cockroaches
  3 goblins
  5 hobgoblins
  5 jackals
  19 kobolds
  3 quokkas
  6 frilled lizards
  8 rats
  A lurking horror (Abyss:2)
  A starspawn tentacle (Abyss:2)
938 creatures vanquished.

Vanquished Creatures (collateral kills)
  A warg (Orc:1)
  2 orcs (Orc:1)
3 creatures vanquished.

Vanquished Creatures (others)
  A ghost moth (Spider:1)
  2 redbacks
  A bullfrog (Lair:3)
  An orc wizard (D:9)
  2 orcs (D:11)
  A spectral bat (Abyss:2)
  23 fungi
  23 plants
  A starspawn tentacle (Abyss:2)
55 creatures vanquished.

Grand Total: 996 creatures vanquished

Notes
Turn   | Place    | Note
-------+----------+-------------------------------------------
     0 | D:1      | Shirokaze the Armataur Fighter began the quest for the Orb.
     0 | D:1      | Reached XP level 1. HP: 19/19 MP: 1/1
    84 | D:1      | Reached XP level 2. HP: 26/26 MP: 2/2
   164 | D:1      | Found Laat Wia's Antique Armour Boutique.
   729 | D:1      | Found a faded altar of an unknown god.
   792 | D:2      | Reached XP level 3. HP: 33/33 MP: 3/3
  1331 | D:3      | Reached XP level 4. HP: 19/40 MP: 4/4
  1349 | D:3      | Found a glowing drain.
  1436 | Sewer    | Entered a sewer
  1595 | Sewer    | Reached XP level 5. HP: 36/48 MP: 5/5
  1648 | Sewer    | Reached skill level 5 in Armour
  2336 | D:3      | Reached XP level 6. HP: 44/54 MP: 6/6
  2523 | D:3      | Found Mapluduw's Magic Scroll Shoppe.
  2534 | D:3      | Bought a scroll of identify for 20 gold pieces
  2534 | D:3      | Bought a scroll of identify for 20 gold pieces
  2534 | D:3      | Bought a scroll of identify for 20 gold pieces
  2534 | D:3      | Bought a scroll of enchant armour for 75 gold pieces
  2980 | D:4      | Found an ancient bone altar of Kikubaaqudgha.
  3254 | D:4      | Found a snail-covered altar of Cheibriados.
  3575 | D:5      | Entered Level 5 of the Dungeon
  3619 | D:5      | Found a staircase to the Ecumenical Temple.
  3641 | Temple   | Entered the Ecumenical Temple
  3900 | D:5      | Identified the +0 ring mail of Anoub {*Corrode rC+ Str+7}
  4022 | D:5      | Reached XP level 7. HP: 55/60 MP: 7/7
  4073 | D:5      | Reached skill level 5 in Axes
  4073 | D:5      | Reached skill level 5 in Shields
  4134 | D:5      | Found Wualyipu's Armour Boutique.
  4602 | D:1      | Bought a pair of faintly humming gloves for 180 gold pieces
  4602 | D:1      | Identified the +0 pair of gloves "Myim" {rElec rPois rC-
                  | rN+++ Str+4} (You bought it in a shop on level 1 of the
                  | Dungeon)
  5071 | D:6      | Reached XP level 8. HP: 69/70 MP: 8/8
  5181 | D:6      | Found an ornate altar of the Wu Jian Council.
  5572 | D:6      | Found a shimmering blue altar of Sif Muna.
  5584 | D:6      | Found a shimmering altar of Xom.
  5660 | D:6      | Reached skill level 1 in Dodging
  6364 | D:7      | Reached XP level 9. HP: 46/77 MP: 9/9
  6381 | D:7      | Reached skill level 1 in Evocations
  6385 | D:7      | Noticed Menkaure
  6391 | D:7      | Killed Menkaure
  6391 | D:7      | Noticed Joseph
  6392 | D:7      | Reached skill level 1 in Stealth
  6432 | D:7      | Killed Joseph
  6681 | D:7      | Identified the +7 spear of the Cursing Fox {heavy, rC++}
  6857 | D:7      | Noticed a deep elf pyromancer
  7024 | D:7      | Found a runed translucent door.
  7025 | D:7      | Noticed Crazy Yiuf
  7030 | D:7      | Killed Crazy Yiuf
  7034 | D:7      | Identified the +5 hammer of Dueps {elec, Dex+3}
  7586 | D:8      | Found a stormy altar of Qazlal.
  7597 | D:8      | Reached skill level 5 in Fighting
  8174 | D:9      | Identified the +2 pair of boots "Moycsopiu" {rF- rCorr
                  | Int+4 SInv}
  8188 | D:9      | Found a bloodstained altar of Trog.
  8198 | D:9      | Reached XP level 10. HP: 79/86 MP: 10/10
  8226 | D:9      | Noticed a two-headed ogre
  8281 | D:9      | Killed a two-headed ogre
  8932 | D:9      | Found a radiant altar of Vehumet.
  8957 | D:9      | Noticed a two-headed ogre
  8969 | D:9      | Killed a two-headed ogre
  9008 | D:9      | Found a sacrificial altar of Ru.
  9339 | D:10     | Entered Level 10 of the Dungeon
  9434 | D:10     | Found a broken altar of Ashenzari.
  9442 | D:10     | Became a worshipper of Ashenzari the Shackled
  9562 | D:10     | Reached XP level 11. HP: 46/95 MP: 11/11
  9819 | D:10     | Found an iron altar of Okawaru.
 10388 | D:1      | Bought a barding for 437 gold pieces
 10687 | D:11     | Noticed a two-headed ogre
 10705 | D:11     | Noticed a purple ugly thing
 10735 | D:10     | Killed a two-headed ogre
 10876 | D:11     | Noticed Psyche
 10889 | D:11     | Killed Psyche
 10920 | D:11     | Reached skill level 10 in Armour
 10945 | D:11     | Found a staircase to the Lair.
 11141 | D:11     | Reached skill level 10 in Axes
 11268 | D:11     | Reached * piety under Ashenzari
 11296 | D:11     | Identified the +0 robe of the Three Stars {+Blink +Inv}
 11405 | D:11     | Noticed Grum
 11422 | D:11     | Killed Grum
 11705 | D:11     | Found a staircase to the Orcish Mines.
 11893 | D:11     | Noticed a two-headed ogre
 11901 | D:11     | Killed a two-headed ogre
 11902 | D:11     | Reached skill level 10 in Shields
 11933 | D:11     | Noticed Lodul
 11938 | D:11     | Killed a purple ugly thing
 11960 | D:11     | Killed Lodul
 12099 | D:12     | Noticed a brown ugly thing
 12116 | D:12     | Killed a brown ugly thing
 12321 | D:12     | Reached ** piety under Ashenzari
 12385 | D:12     | Reached XP level 12. HP: 96/109 MP: 12/12
 12876 | Orc:1    | Entered Level 1 of the Orcish Mines
 13309 | Orc:1    | Found a runed translucent door.
 13309 | Orc:1    | Noticed MrCrawl's ghost (journeyman DsNe)
 13382 | Orc:1    | Killed MrCrawl's ghost
 13744 | Orc:2    | Entered Level 2 of the Orcish Mines
 13967 | Orc:2    | Reached *** piety under Ashenzari
 13970 | Orc:2    | Found a staircase to the Elven Halls.
 14028 | Orc:2    | Found a transporter.
 14088 | Orc:2    | Found a one-way gate to the infinite horrors of the Abyss.
 14088 | Orc:2    | Noticed jombi's ghost (journeyman DrTm)
 14089 | Orc:2    | Noticed a rakshasa
 14335 | Orc:2    | Reached **** piety under Ashenzari
 14345 | Orc:2    | Found Goyliwny's General Store.
 14359 | Orc:2    | Paralysed by an orc sorcerer for 5 turns
 14405 | Orc:2    | Noticed an orc high priest
 14412 | Orc:2    | Killed an orc high priest
 14438 | Orc:2    | Noticed an orc high priest
 14844 | Orc:2    | Noticed an orc warlord
 14867 | Orc:2    | Noticed an orc high priest
 14876 | Orc:2    | Killed an orc high priest
 14896 | Orc:2    | Killed an orc high priest
 15090 | Orc:2    | Found Zit Oplige's Magic Scroll Emporium.
 15093 | Orc:2    | Paralysed by an orc sorcerer for 3 turns
 15106 | Orc:2    | Found Neapp's Armour Emporium.
 15113 | Orc:2    | Found Moiwukoe's Magic Scroll Boutique.
 15185 | Orc:2    | Bought a scroll of enchant armour for 90 gold pieces
 15185 | Orc:2    | Bought a scroll of teleportation for 36 gold pieces
 15187 | Orc:2    | Bought a scroll of blinking for 127 gold pieces
 15187 | Orc:2    | Bought a scroll of magic mapping for 127 gold pieces
 15200 | Orc:2    | Bought a scroll of enchant armour for 112 gold pieces
 15200 | Orc:2    | Bought a potion of might for 60 gold pieces
 15200 | Orc:2    | Bought a potion of haste for 150 gold pieces
 15200 | Orc:2    | Bought a potion of mutation for 120 gold pieces
 15207 | Orc:2    | Gained mutation: You are clumsy. (Dex -2) [potion of
                  | mutation]
 15207 | Orc:2    | Gained mutation: You expend magic power (3 MP) to
                  | strengthen your wands. [potion of mutation]
 15207 | Orc:2    | Gained mutation: You occasionally shout uncontrollably at
                  | your foes. [potion of mutation]
 15262 | Orc:2    | Found a transporter.
 15265 | Orc:2    | Noticed a rakshasa
 15330 | Orc:1    | Reached XP level 13. HP: 93/119 MP: 13/13
 15479 | Lair:1   | Entered Level 1 of the Lair of Beasts
 15510 | Lair:1   | Noticed Amaemon
 15529 | Lair:1   | Killed Amaemon
 15965 | Lair:1   | Found a glowing silver altar of Zin.
 16283 | Lair:2   | Found a hole to the Spider Nest.
 16335 | Lair:2   | Paralysed by a floating eye for 2 turns
 16340 | Lair:2   | Paralysed by a floating eye for 2 turns
 16346 | Lair:2   | Paralysed by a floating eye for 3 turns
 17143 | Orc:2    | Bought a potion of mutation for 120 gold pieces
 17157 | Orc:2    | Bought a scroll of fear for 48 gold pieces
 17157 | Orc:2    | Bought a scroll of butterflies for 48 gold pieces
 17162 | Orc:2    | Lost mutation: You expend magic power (3 MP) to strengthen
                  | your wands. [potion of mutation]
 17162 | Orc:2    | Lost mutation: You are clumsy. (Dex -2) [potion of
                  | mutation]
 17162 | Orc:2    | Lost mutation: You occasionally shout uncontrollably at
                  | your foes. [potion of mutation]
 17162 | Orc:2    | Gained mutation: You have large cloven feet. [potion of
                  | mutation]
 17162 | Orc:2    | Gained mutation: You are strong-willed. (Will+) [potion of
                  | mutation]
 17162 | Orc:2    | Gained mutation: You occasionally lose the ability to drink
                  | potions when taking damage. [potion of mutation]
 17162 | Orc:2    | Gained mutation: You do not regenerate when monsters are
                  | visible. [potion of mutation]
 17162 | Orc:2    | Gained mutation: You are highly strong-willed. (Will++)
                  | [potion of mutation]
 17585 | Lair:3   | a five-headed hydra changed into a quicksilver ooze
 17585 | Lair:3   | Noticed a quicksilver ooze
 17588 | Lair:3   | Killed a quicksilver ooze
 17654 | Lair:3   | Found an iron altar of Okawaru.
 17692 | Lair:3   | a five-headed hydra changed into a fire dragon
 17692 | Lair:3   | Noticed a fire dragon
 17708 | Lair:3   | Killed a fire dragon
 17899 | Lair:3   | Noticed Gastronok
 17917 | Lair:3   | Killed Gastronok
 19084 | Lair:4   | Reached XP level 14. HP: 75/130 MP: 14/14
 19122 | Lair:4   | Reached skill level 5 in Stealth
 19206 | Lair:4   | Identified a scroll of acquirement
 19385 | Lair:4   | Acquired 896 gold pieces
 19418 | Lair:5   | Entered Level 5 of the Lair of Beasts
 19534 | Lair:5   | Identified the +4 scale mail of a Gauntlet {Will+ Str+8}
 19885 | Lair:5   | Acquired the +8 tower shield of Pessimism {+Blink}
 20106 | Lair:5   | Found a viscous altar of Jiyva.
 20107 | Lair:5   | Found a staircase to the Slime Pits.
 21070 | D:3      | Bought a scroll of fog for 40 gold pieces
 21607 | Orc:2    | Bought a scroll of torment for 161 gold pieces
 21620 | Orc:2    | Bought a wand of iceblast (5) for 180 gold pieces
 21620 | Orc:2    | Bought a wand of acid (7) for 441 gold pieces
 21695 | Orc:2    | Killed jombi's ghost
 21708 | Orc:2    | Killed an orc warlord
 21932 | D:13     | Found a gate to the Vaults.
 22245 | D:13     | Found a frozen archway.
 22265 | IceCv    | Entered an ice cave
 22770 | IceCv    | Reached XP level 15. HP: 122/143 MP: 15/15
 22835 | IceCv    | Noticed a frost giant
 23347 | IceCv    | Found the +4 skin of Zhor {*Englaciate rC+++ SInv}
 23731 | D:13     | Noticed Sonja
 23764 | D:13     | Killed Sonja
 23777 | D:13     | Reached skill level 15 in Axes
 23919 | D:13     | Found a stormy altar of Qazlal.
 24473 | D:14     | Reached skill level 10 in Fighting
 24625 | D:14     | Reached skill level 15 in Shields
 25332 | D:15     | Entered Level 15 of the Dungeon
 25332 | D:15     | Noticed Nessos
 25408 | D:15     | Noticed Azrael
 25439 | D:15     | Killed Azrael
 25439 | D:15     | Noticed Louise
 25801 | D:15     | Lost mutation: You have large cloven feet. [potion of
                  | mutation]
 25801 | D:15     | Lost mutation: You occasionally lose the ability to drink
                  | potions when taking damage. [potion of mutation]
 25801 | D:15     | Lost mutation: You do not regenerate when monsters are
                  | visible. [potion of mutation]
 25801 | D:15     | Lost mutation: You are highly strong-willed. (Will++)
                  | [potion of mutation]
 25801 | D:15     | Gained mutation: You occasionally lose the ability to read
                  | scrolls when taking damage. [potion of mutation]
 25801 | D:15     | Gained mutation: You are clumsy. (Dex -2) [potion of
                  | mutation]
 25801 | D:15     | Lost mutation: You occasionally lose the ability to read
                  | scrolls when taking damage. [potion of mutation]
 25801 | D:15     | Lost mutation: You are clumsy. (Dex -2) [potion of
                  | mutation]
 25954 | D:15     | Noticed Rupert
 25964 | D:15     | Killed Rupert
 25965 | D:15     | Reached XP level 16. HP: 111/154 MP: 16/16
 26117 | Abyss:2  | Cast into level 2 of the Abyss (a wizard)
 26369 | Abyss:2  | Found a corrupted altar of Lugonu.
 26564 | Abyss:2  | Noticed a tentacled starspawn
 26577 | Abyss:2  | Killed a tentacled starspawn
 26597 | Abyss:2  | Identified the +3 morningstar "Yhapona" {flame, rElec rF-
                  | rC- Int+5 SInv}
 26668 | Abyss:2  | Identified the +2 hand axe of Frustration {protect, rElec
                  | rC+ MP+9}
 26755 | Abyss:2  | Found a shadowy altar of Dithmenos.
 26768 | Abyss:3  | Found a corrupted altar of Lugonu.
 26783 | Abyss:3  | Found a corrupted altar of Lugonu.
 26827 | D:15     | Escaped the Abyss
 27138 | D:15     | Killed Louise
 27211 | D:15     | Identified the +8 falchion "Jiwnuc" {freeze, rF- Str+2
                  | Dex+3}
 27328 | D:15     | Found a staircase to the Depths.
 27433 | D:15     | Killed Nessos
 27704 | Spider:1 | Entered Level 1 of the Spider Nest
 29441 | Spider:2 | Found a transporter.
 29441 | Spider:2 | Found a transporter.
 29441 | Spider:2 | Identified the +0 pair of boots "Mawnizeo" {Int+5}
 29567 | Spider:2 | Reached XP level 17. HP: 162/164 MP: 17/17
 30030 | Spider:3 | HP: 7/164 [jumping spider (9)]
 30030 | Spider:3 | Slain by a jorogumo

Illustrated notes

Levels and vault maps discovered:
D:1:      lemuel_arrival_broad_hall, layout_basic, serial_shops,
          nicolae_shop_tiny_glass, hellmonk_ecumenical_altar_leap_of_faith
D:2:      layout_rooms
D:3:      layout_basic, serial_shops, nicolae_shop_tiny_glass,
          portal_sewer_entry_e, minmay_misc_feat_tower, minmay_unequal
D:4:      layout_loops_ring, mainiacjoe_overflow_brackets,
          lemuel_coloured_pillars_altar, nicolae_titane
D:5:      layout_basic, minmay_temple_entry_drinking_statues, serial_shops,
          nicolae_shop_window_shopping, minmay_fountain_box
D:6:      layout_loops_corners, old_standard_altar, marbit_many_paths,
          xom_teletrap_fun, serial_bayou_crossing
D:7:      layout_basic, guppyfry_early_elven_hall, uniq_joseph, uniq_menkaure,
          uniq_crazy_yiuf_cottage
D:8:      layout_loops_cross, nicolae_qazlal_beasts_of_the_sky
D:9:      layout_loops_ring, mainiacjoe_overflow_six_doors_small,
          mainiacjoe_overflow_24_doors, trog_ov_bears_minmay, serial_rivers,
          chequers_serial_rivers_micro_c, chequers_serial_rivers_large_b,
          chequers_serial_rivers_micro_b, chequers_serial_rivers_marsh,
          chequers_serial_rivers_room_b, blue_anna_alchemist
D:10:     layout_cave_pools, mainiacjoe_overflow_paths,
          mainiacjoe_overflow_boulevard
D:11:     layout_rooms, grunt_lair_entry_orc_guard_hut, erik_orc_2, uniq_lodul,
          uniq_psyche, uniq_grum
D:12:     layout_long_grid, drop_trap
D:13:     layout_loops_ring, erik_vaults_2, portal_ice_cave_demonic_guard,
          nicolae_qazlal_style_of_elements, uniq_sonja
D:14:     layout_loops_cross, dk_noncrumbling_4, grunt_ministairs_13
D:15:     grunt_enter_depths_snipers, layout_small_grid,
          nicolae_twisting_strands, lightli_minifort, uniq_rupert, uniq_azrael,
          uniq_louise, uniq_nessos
Temple:   grunt_temple_mini_profane
Lair:1:   layout_chaotic_city, basic_altar, cheibrodos_lair_lostbears,
          uniq_amaemon
Lair:2:   layout_cellular_growth, spider_nest_entry_webs, disabler_island
Lair:3:   layout_roguey, nicolae_shoals_entry_flooding, basic_altar,
          nicolae_quartered_pool_super, uniq_gastronok
Lair:4:   layout_layer_cave
Lair:5:   grunt_lair_end_beastmaster, layout_cave_pods, slime_entry_1,
          st_stairs_13
Spider:1: layout_spider_delve, hangedman_spider_tarantella_strand
Spider:2: gammafunk_boulding_lane
Spider:3: layout_spider_delve, nicolae_spider_world_wide_web
Orc:1:    layout_diamond_mine, hellmonk_ghost_happy_afterlife
Orc:2:    st_orc_elflike, layout_diamond_mine, gammafunk_ghost_abyssal_escape,
          mines2_david

Skill      XL: |  1  2  3  4  5  6  7  8  9 10 11 12 13 14 15 16 |
---------------+-------------------------------------------------+-----
Fighting       | 3 4 5 6 7 8 9 10 11 | 11.9
Armour         | 4 5 6 7 8 9 10 11 12 13 14 | 14.1
Axes           | 2 3 4 5 6 7 9 10 12 13 14 15 17 | 17.2
Shields        | 4 5 6 7 8 10 11 12 14 15 17 | 17.6
Dodging        | 1 2 3 |  3.5
Evocations     | 2 3 4 |  4.2
Stealth        | 1 3 4 5 |  5.9

Action                     |  1- 3 |  4- 6 |  7- 9 | 10-12 | 13-15 | 16-18 || total
---------------------------+-------+-------+-------+-------+-------+-------++-------
  Melee: War axe           |    77 |   186 |   360 |   773 |       |       ||  1396
         Tailslap          |     9 |    14 |    56 |   153 |   259 |   143 ||   634
         Broad axe         |       |       |       |    60 |  1327 |   779 ||  2166
         Kick              |       |       |       |       |   437 |       ||   437
 Invoke: Curse Item        |       |       |       |     6 |     4 |       ||    10
         Shatter the Chain |       |       |       |       |     3 |       ||     3
  Evoke: Wand              |       |     1 |    12 |    24 |    49 |     9 ||    95
         Box of beasts     |       |       |       |     1 |     1 |       ||     2
         Lightning rod     |       |       |       |       |       |     2 ||     2
    Use: Scroll            |     5 |     8 |     5 |     8 |    11 |     9 ||    46
         Potion            |       |     2 |     5 |     8 |     9 |    14 ||    38
   Stab: Paralysed         |       |       |       |     8 |    15 |       ||    23
         Petrified         |       |       |       |       |     7 |       ||     7
         Petrifying        |       |       |       |       |     3 |       ||     3
         Distracted        |       |       |       |       |     1 |       ||     1
         Invisible         |       |       |       |       |       |     3 ||     3
 Armour: Scale mail        |    20 |       |   139 |       |       |       ||   159
         Chain mail        |    25 |   100 |    33 |       |       |       ||   158
         Plate armour      |       |       |    31 |   467 |   574 |   355 ||  1427
  Dodge: Dodged            |    12 |    39 |   103 |   133 |   150 |   131 ||   568
  Block: Tower shield      |    28 |   160 |   306 |   753 |  1512 |  1023 ||  3782
         Buckler           |     5 |       |       |       |       |       ||     5
